Workbook
Name Items: #REF!
Name Items: #REF!
Name Items: #REF!
Name Items: #REF!
Name КВСР: [1]список!$D$2:$D$17
Name НаименДолжн: '[1]Штатное расписание'!$B$8:$B$307
Name Организация: OFFSET([1]список!$E$1,MATCH('[1]Данные по учрежд'!$B$2,[1]список!$E$1:$E$65536,0)-1,1,COUNTIF([1]список!$E$1:$E$65536,'[1]Данные по учрежд'!$B$2),1)
Name СубКОСГУ: [1]список!$B$1:$B$17
Name ТипСредств: [1]список!$C$2:$C$8
Name ЭКР: [1]список!$A$2:$A$21

Sheet текст
A2: РОССИЙСКАЯ ФЕДЕРАЦИЯ РЕШЕНИЕ Собрания представителей сельского поселения Назаровка муниципального района Клявлинский Самарской области от 30.06.2023 № 22
A5: О внесении изменений в Решение Собрания представителей сельского поселения Назаровка № 29 от 28.12.2022 г. «О бюджете сельского поселения Назаровка муниципального района Клявлинский Самарской области на 2023 год и плановый период 2024 и 2025 годов» («Вести сельского поселения Назаровка» от 30.12.2022 г. № 35 (335))
A6: Рассмотрев бюджет сельского поселения Назаровка муниципального района Клявлинский на 2023 год и на плановый период 2024 и 2025 годов Собрание представителей сельского поселения Назаровка РЕШИЛО:
A8: 1. Внести следующие изменения в решение Собрания представителей сельского поселения Назаровка муниципального района Клявлинский Самарской области от 28.12.2022г № 29 "О бюджете сельского поселения Назаровка муниципального района Клявлинский Самарской области на 2023 год и плановый период 2024 и 2025 годов'' с изменениями № 2 от 31.01.2023; № 4 от 28.02.2023; № 8 от 31.03.2023; 14 от 28.04.2023; № 18 от 31.05.2023
A10: 1.1 Статья 1 часть 1 Решения изложить в следующей редакции: 1. Утвердить основные характеристики бюджета сельского поселения на 2023год: общий объем доходов – 11 211,221 тыс. рублей; общий объем расходов – 11 406,515 тыс. рублей; дефицит –195,294 рублей."
A12: 1.2 Статья 4 часть 2 абзац 1; часть 3 абзац 1 Решения изложить в следующей редакции: 2. Утвердить объем безвозмездных поступлений в доход бюджета сельского поселения: в 2023 году – 7 858,691тыс. рублей
A25: 2. Приложение № 3 к Решению изложить в новой редакции (прилагается); 3. Приложение № 4 к Решению изложить в новой редакции (прилагается); 4. Приложение № 5 к Решению изложить в новой редакции (прилагается); 5. Приложение № 8 к Решению изложить в новой редакции (прилагается); 6. Приложение № 11 к Решению изложить в новой редакции (прилагается); 7. Направить настоящее Решение для подписания Главе сельского поселения Назаровка и опубликовать в газете «Вести сельского поселения Назаровка» 8. Решение вступает в силу со дня его официального опубликования и распространяется на правоотношения, возникшие с 01.06.2023г
A27: Глава сельского поселения В.П.Егоров Председатель Собрания представителей сельского поселения С.Н.Маков
A28: Расходы местного бюджета, источником финансового обеспечения которых являются субсидии из областного бюджета, а также расходы местных бюджетов, в целях софинансирования которых из областного бюджета предоставляются местным бюджетам субсидии | C28: 05005S0000
A29: Субсидии местным бюджетам для софинансирования расходных обязательств по вопросам местного значения, предоставляемых с учетом выполнения показателей социально-экономического развития (стимулирующие субсидии) | C29: 05005S2000
A30: Непрограммные направления расходов местного бюджета | C30: 9000000000
A31: Непрограммные направления местного бюджета в области общегосударственных вопросов, национальной обороны, национальной безопасности и правоохранительной деятельности, а также в сфере средств массовой информации и межбюджетных отношений | C31: 9010000000
A32: Расходы на выплаты персоналу в целях обеспечения выполнения функций государственными (муниципальными) органами, казенными учреждениями, органами управления государственными внебюджетными фондами | C32: 9010000000 | D32: 100
A33: Расходы на выплаты персоналу государственных (муниципальных) органов | C33: 9010000000 | D33: 120
A34: Предоставление субсидий бюджетным, автономным учреждениям, некоммерческим организациям и иным юридическим лицам, индивидуальным предпринимателям, физическим лицам | C34: 0700060000 | D34: 0
A35: Неуказанный КВСР | C35: 0 | D35: 0
A36: Неуказанный КВСР | C36: 0 | D36: 0
A37: Неуказанный КВСР | C37: 0 | D37: 0
A38: Неуказанный КВСР | C38: 0 | D38: 0
A39: Неуказанный КВСР | C39: 0 | D39: 0
A40: Неуказанный КВСР | C40: 0 | D40: 0
A41: Неуказанный КВСР | C41: 0 | D41: 0
A42: Неуказанный КВСР | C42: 0 | D42: 0
A43: Неуказанный КВСР | C43: 0 | D43: 0
A44: Неуказанный КВСР | C44: 0 | D44: 0

Sheet доходы  прил 3
A2: Приложение №3 к решению Собрания представителей сельского поселения Назаровка муниципального района Клявлинский Самарской области "О бюджете сельского поселения Назаровка муниципального района Клявлинский Самарской области и на 2023 год и плановый период 2024 и 2025 годов''
A5: Доходы бюджета сельского поселения Назаровка муниципального района Клявлинский Самарской области на 2023 год и плановый период 2024 и 2025 годов по кодам видов доходов, подвидов доходов, классификации операций сектора государственного управления, относящихся к доходам бюджетов
A6: ЕСЛИ(E7=0;ЕСЛИ(D7=0;ЕСЛИ(C7=0;ИНДЕКС(ГРБС!B$1:B$10;ПОИСКПОЗ(A7;ГРБС!A$1:A$10;0));ИНДЕКС(ФКР!B$1:B$113;ПОИСКПОЗ(ЛЕВСИМВ(ЗНАЧЕН(C7);4);ЛЕВСИМВ(ЗНАЧЕН(ФКР!A$1:A$113);4);0)));ИНДЕКС(КЦСР!B$1:B$1024;ПОИСКПОЗ(ЛЕВСИМВ(ЗНАЧЕН(D7);7);ЛЕВСИМВ(ЗНАЧЕН(КЦСР!A$1:A$1024);7);0)));ИНДЕКС(КВР!B$1:B$150;ПОИСКПОЗ(ЛЕВСИМВ(ЗНАЧЕН(E7);3);ЛЕВСИМВ(ЗНАЧЕН(КВР!A$1:A$150);3);0))) | B6: 0 | C6: 0 | D6: 0 | E6: 0
E8: тыс.руб.
A9: Вид дохода | B9: Код бюджетной классификации | C9: 2023 год | D9: 2024 год | E9: 2025 год
A10: Всего доходов | C10: =SUM(C19+C11) -> 11211.221 | D10: =SUM(D19+D11) -> 8488.553 | E10: =SUM(E19+E11) -> 8751.702
A11: Налоговые и неналоговые доходы | B11: 000 10000000000000000 | C11: =SUM(C12:C18) -> 3352.53 | D11: =SUM(D12:D18) -> 2907.929 | E11: =SUM(E12:E18) -> 3045.927
A12: Налог на доходы физических лиц | B12: 18210102000010000110 | C12: 292.4 | D12: 305 | E12: 320
A13: Акцизы по подакцизным товарам (продукции), производимым на территории Российской Федерации | B13: 18210302000010000110 | C13: 1123.22 | D13: 1137.98 | E13: 1201.78
A14: Единый сельскохозяйственный налог | B14: 18210503010010000110 | C14: 300.393 | D14: 52 | E14: 54
A15: Налог на имущество физических лиц | B15: 18210601000000000110 | C15: 52 | D15: 67 | E15: 70
A16: Земельный налог | B16: 18210606000000000110 | C16: 938 | D16: 716 | E16: 745
A17: Доходы, поступающие в порядке возмещения расходов, понесенных в связи с эксплуатацией имущества сельских поселений | B17: 53211302065100000130 | C17: 40.795
A18: Доходы от использования имущества, находящегося в государственной и муниципальной собственности | B18: 93811100000000000000 | C18: 605.722 | D18: 629.949 | E18: 655.147
A19: Безвозмездные поступления | B19: 000 20000000000000000 | C19: =SUM(C20:C26) -> 7858.691 | D19: =SUM(D20:D26) -> 5580.624 | E19: =SUM(E20:E26) -> 5705.775
A20: Дотации бюджетам сельских поселений на выравнивание бюджетной обеспеченности | B20: 53220216001100000150 | C20: 1315.896 | D20: 1515.238 | E20: 1513.553
A21: Субсидии бюджетам сельских поселений на обеспечение комплексного развития сельских территорий | B21: 53220225576100000150
A22: Прочие субсидии бюджетам сельских поселений | B22: 53220229999100000150
A23: Субвенции бюджетам на осуществление первичного воинского учета на территориях, где отсутствуют военные комиссариаты | B23: 53220235118100000150 | C23: 115.07 | D23: 120.25 | E23: 124.48
A24: Межбюджетные трансферты. Передаваемые бюджетам сельских поселений из бюджетов муниципальных районов на осуществление части полномочий по решению вопросов местного значения в соответствии с заключенными соглашениями | B24: 53220240014100000150 | C24: 921.487 | D24: 921.487 | E24: 921.487
A25: Прочие межбюджетные трансферты, передаваемые бюджетам сельских поселений | B25: 53220249999100000150 | C25: 5306.238 | D25: 3023.649 | E25: 3146.255
A26: Прочие безвозмездные поступления в бюджеты сельских поселений | B26: 53220705030100000150 | C26: 200
A27: Расходы местного бюджета, источником финансового обеспечения которых являются субсидии из областного бюджета, а также расходы местных бюджетов, в целях софинансирования которых из областного бюджета предоставляются местным бюджетам субсидии | B27: 05005S0000 | D27: =#REF! -> #REF! | E27: =#REF! -> #REF!
A28: Субсидии местным бюджетам для софинансирования расходных обязательств по вопросам местного значения, предоставляемых с учетом выполнения показателей социально-экономического развития (стимулирующие субсидии) | B28: 05005S2000 | D28: =#REF! -> #REF! | E28: =#REF! -> #REF!
A29: Непрограммные направления расходов местного бюджета | B29: 9000000000 | D29: =D30 -> 0 | E29: =E30 -> 0
A30: Непрограммные направления местного бюджета в области общегосударственных вопросов, национальной обороны, национальной безопасности и правоохранительной деятельности, а также в сфере средств массовой информации и межбюджетных отношений | B30: 9010000000 | D30: =D31 -> 0 | E30: =E31 -> 0
A31: Расходы на выплаты персоналу в целях обеспечения выполнения функций государственными (муниципальными) органами, казенными учреждениями, органами управления государственными внебюджетными фондами | B31: 9010000000 | C31: 100 | D31: =D32 -> 0 | E31: =E32 -> 0
A32: Расходы на выплаты персоналу государственных (муниципальных) органов | B32: 9010000000 | C32: 120
A33: Предоставление субсидий бюджетным, автономным учреждениям, некоммерческим организациям и иным юридическим лицам, индивидуальным предпринимателям, физическим лицам | B33: 0700060000 | C33: 0 | D33: 0 | E33: 0
A34: Неуказанный КВСР | B34: 0 | C34: 0 | D34: 0 | E34: 0
A35: Неуказанный КВСР | B35: 0 | C35: 0 | D35: 0 | E35: 0
A36: Неуказанный КВСР | B36: 0 | C36: 0 | D36: 0 | E36: 0
A37: Неуказанный КВСР | B37: 0 | C37: 0 | D37: 0 | E37: 0
A38: Неуказанный КВСР | B38: 0 | C38: 0 | D38: 0 | E38: 0
A39: Неуказанный КВСР | B39: 0 | C39: 0 | D39: 0 | E39: 0
A40: Неуказанный КВСР | B40: 0 | C40: 0 | D40: 0 | E40: 0
A41: Неуказанный КВСР | B41: 0 | C41: 0 | D41: 0 | E41: 0
A42: Неуказанный КВСР | B42: 0 | C42: 0 | D42: 0 | E42: 0
A43: Неуказанный КВСР | B43: 0 | C43: 0 | D43: 0 | E43: 0

Sheet Ведом прил 4
A1: Приложение 4
A2: к решению Собрания представителей сельского поселения
A3: Назаровка муниципального района Клявлинский Самарской области
A4: "О бюджете сельского поселения Назаровка муниципального района Клявлинский Самарской области
A5: на 2023 год и плановый период 2024 и 2025 годов"
A7: 0 | B7: ЕСЛИ(E7=0;ЕСЛИ(D7=0;ЕСЛИ(C7=0;ИНДЕКС(ГРБС!B$1:B$10;ПОИСКПОЗ(A7;ГРБС!A$1:A$10;0));ИНДЕКС(ФКР!B$1:B$113;ПОИСКПОЗ(ЛЕВСИМВ(ЗНАЧЕН(C7);4);ЛЕВСИМВ(ЗНАЧЕН(ФКР!A$1:A$113);4);0)));ИНДЕКС(КЦСР!B$1:B$1024;ПОИСКПОЗ(ЛЕВСИМВ(ЗНАЧЕН(D7);7);ЛЕВСИМВ(ЗНАЧЕН(КЦСР!A$1:A$1024);7);0)));ИНДЕКС(КВР!B$1:B$150;ПОИСКПОЗ(ЛЕВСИМВ(ЗНАЧЕН(E7);3);ЛЕВСИМВ(ЗНАЧЕН(КВР!A$1:A$150);3);0))) | C7: 0 | D7: 0 | E7: 0 | F7: 0 | G7: 0
A8: Ведомственная структура расходов бюджета сельского поселения Назаровка муниципального района Клявлинский Самарской области на 2023 год
A10: код ГРБС | B10: Наименование главного распорядителя средств муниципального бюджета, раздела подраздела, целевой статьи, групп и подгрупп видов расходов | C10: Рз Пр | D10: ЦСР | E10: ВР | F10: Сумма, тыс. руб.
F12: Всего | G12: в том числе за счет безвозмездных поступлений имеющие целевое назначение из вышестоящих бюджетов
A14: 532 | B14: Администрация сельского поселения Назаровка муниципального района Клявлинский Самарской области | C14: 0 | D14: 0 | E14: 0 | F14: =SUM(F15+F19+F35+F43+F48+F61+F67+F73+F84+F89+F122+F128+F144+F196+F204) -> 11406.515 | G14: =G15+G19+G35+G43+G48+G61+G67+G73+G89+G122+G128+G144+G204 -> 1036.557
B15: Функционирование высшего должностного лица субъекта Российской Федерации и муниципального образования | C15: 102 | F15: =F16 -> 859.805
B16: Муниципальная программа "Развитие органов местного самоуправления и решение вопросов местного значения сельского поселения Назаровка муниципального района Клявлинский Самарской области на 2018-2026 годы" | C16: 102 | D16: 3400000000 | F16: =F17 -> 859.805
B17: Расходы на выплаты персоналу в целях обеспечения выполнения функций государственными (муниципальными) органами, казенными учреждениями, органами управления государственными внебюджетными фондами | C17: 102 | D17: 3400000000 | E17: 100 | F17: =F18 -> 859.805
B18: Расходы на выплаты персоналу государственных (муниципальных) органов | C18: 102 | D18: 3400000000 | E18: 120 | F18: 859.805
A19: 0 | B19: Функционирование Правительства Российской Федерации, высших исполнительных органов государственной власти субъектов Российской Федерации, местных администраций | C19: 104 | D19: 0 | E19: 0 | F19: =F20 -> 1005.004 | G19: 0
A20: 0 | B20: Муниципальная программа "Развитие органов местного самоуправления и решение вопросов местного значения сельского поселения Назаровка муниципального района Клявлинский Самарской области на 2018-2026 годы" | C20: 104 | D20: 3400000000 | E20: 0 | F20: =F25+F27+F33 -> 1005.004 | G20: 0
A21: 0 | B21: Муниципальная программа "Управление муниципальными финансами и развитие межбюджетных отношений на 2014-2020 годы" | C21: 104 | D21: 1550000000 | E21: 0 | F21: 0 | G21: 0
A22: 0 | B22: Расходы на обеспечение выполнения функций органами местного самоуправления | C22: 104 | D22: 1240000000 | E22: 0 | F22: 0 | G22: 0
A23: 0 | B23: Расходы на обеспечение выполнения функций органами местного самоуправления | C23: 104 | D23: 930000000 | E23: 0 | F23: 0 | G23: 0
A24: 0 | B24: Расходы на обеспечение выполнения функций органами местного самоуправления | C24: 104 | D24: 620000000 | E24: 0 | F24: 0 | G24: 0
A25: 0 | B25: Расходы на выплаты персоналу в целях обеспечения выполнения функций государственными (муниципальными) органами, казенными учреждениями, органами управления государственными внебюджетными фондами | C25: 104 | D25: 3400000000 | E25: 100 | F25: =F26 -> 711.667 | G25: 0
A26: 0 | B26: Расходы на выплаты персоналу государственных (муниципальных) органов | C26: 104 | D26: 3400000000 | E26: 120 | F26: 711.667 | G26: 0
A27: 0 | B27: Закупка товаров, работ и услуг для обеспечения государственных (муниципальных) нужд | C27: 104 | D27: 3400000000 | E27: 200 | F27: =F28 -> 160.717 | G27: 0
A28: 0 | B28: Иные закупки товаров, работ и услуг для обеспечения государственных (муниципальных) нужд | C28: 104 | D28: 3400000000 | E28: 240 | F28: 160.717 | G28: 0
A29: 0 | B29: Иные бюджетные ассигнования | C29: 104 | D29: 1.2809524e+09 | E29: 800 | F29: 0 | G29: 0
A30: 0 | B30: Уплата налогов, сборов и иных платежей | C30: 104 | D30: 1.192381e+09 | E30: 850 | F30: 0 | G30: 0
B31: Иные бюджетные ассигнования | C31: 104 | D31: 1.1038095e+09 | E31: 800 | F31: =F32 -> 0
B32: Уплата налогов, сборов и иных платежей | C32: 104 | D32: 1.0152381e+09 | E32: 850 | F32: 0
B33: Межбюджетные трансферты | C33: 104 | D33: 3400000000 | E33: 500 | F33: =F34 -> 132.62
B34: Иные межбюджетные трансферты | C34: 104 | D34: 3400000000 | E34: 540 | F34: 132.62
A35: 0 | B35: Обеспечение деятельности финансовых, налоговых и таможенных органов и органов финансового (финансово-бюджетного) надзора | C35: 106 | D35: 0 | E35: 0 | F35: =F36 -> 35.826 | G35: 0
A36: 0 | B36: Муниципальная программа "Развитие органов местного самоуправления и решение вопросов местного значения сельского поселения Назаровка муниципального района Клявлинский Самарской области на 2018-2026 годы" | C36: 106 | D36: 3400000000 | E36: 0 | F36: =F41 -> 35.826 | G36: 0
A37: 0 | B37: Муниципальная программа "Управление муниципальными финансами и развитие межбюджетных отношений на 2014-2020 годы" | C37: 106 | D37: 0100000000 | E37: 0 | F37: 0 | G37: 0
A38: 0 | B38: Расходы на обеспечение выполнения функций органами местного самоуправления | C38: 106 | D38: 0100111000 | E38: 0 | F38: 0 | G38: 0
A39: 0 | B39: Расходы на обеспечение выполнения функций органами местного самоуправления | C39: 106 | D39: 0100111000 | E39: 0 | F39: 0 | G39: 0
A40: 0 | B40: Расходы на обеспечение выполнения функций органами местного самоуправления | C40: 106 | D40: 0100111000 | E40: 0 | F40: 0 | G40: 0
A41: 0 | B41: Межбюджетные трансферты | C41: 106 | D41: 3400000000 | E41: 500 | F41: =F42 -> 35.826 | G41: 0
A42: 0 | B42: Иные межбюджетные трансферты | C42: 106 | D42: 3400000000 | E42: 540 | F42: 35.826 | G42: 0
B43: Резервные фонды | C43: 111 | D43: 0 | E43: 0 | F43: =F44 -> 0.438 | G43: 0
B44: Непрограммные направления расходов местного бюджета | C44: 111 | D44: 9000000000 | E44: 0 | F44: =F45 -> 0.438 | G44: 0
B45: Непрограммные направления расходов местного бюджета в области общегосударственных вопросов, национальной обороны, национальной безопасности и правоохранительной деятельности, а также в сфере средств массовой информации и межбюджетных отношений | C45: 111 | D45: 9010000000 | E45: 0 | F45: =F46 -> 0.438 | G45: 0
B46: Иные бюджетные ассигнования | C46: 111 | D46: 9010000000 | E46: 800 | F46: =F47 -> 0.438 | G46: 0
B47: Резервные средства | C47: 111 | D47: 9010000000 | E47: 870 | F47: 0.438 | G47: 0
A48: 0 | B48: Другие общегосударственные вопросы | C48: 113 | D48: 0 | E48: 0 | F48: =F49 -> 51
A49: 0 | B49: Муниципальная программа "Развитие органов местного самоуправления и решение вопросов местного значения сельского поселения Назаровка муниципального района Клявлинский Самарской области на 2018-2026 годы" | C49: 113 | D49: 3400000000 | E49: 0 | F49: =SUM(F54+F52) -> 51 | G49: 0
A50: 0 | B50: Муниципальная программа "Управление имуществом муниципального района Клявлинский на 2014-2020 годы" | C50: 113 | D50: 0200000000 | E50: 0 | F50: 0 | G50: 0
A51: 0 | B51: Расходы на обеспечение выполнения функций органами местного самоуправления | C51: 113 | D51: 0200111000 | E51: 0 | F51: 0 | G51: 0
A52: 0 | B52: Закупка товаров, работ и услуг для обеспечения государственных (муниципальных) нужд | C52: 113 | D52: 3400000000 | E52: 200 | F52: =SUM(F53) -> 24.3 | G52: 0
A53: 0 | B53: Иные закупки товаров, работ и услуг для обеспечения государственных (муниципальных) нужд | C53: 113 | D53: 3400000000 | E53: 240 | F53: 24.3 | G53: 0
A54: 0 | B54: Межбюджетные трансферты | C54: 113 | D54: 3400000000 | E54: 500 | F54: =F55 -> 26.7 | G54: 0
A55: 0 | B55: Иные межбюджетные трансферты | C55: 113 | D55: 3400000000 | E55: 540 | F55: 26.7 | G55: 0
B56: Непрограммные направления расходов местного бюджета | C56: 113 | D56: 9000000000 | F56: =F57 -> 0
B57: Закупка товаров, работ и услуг для муниципальных нужд | C57: 113 | D57: 9000020000 | F57: =F58 -> 0
B58: Реализация функций управления муниципальным образованием общего значения | C58: 113 | D58: 9000022000 | F58: =F59 -> 0
B59: Закупка товаров, работ и услуг для обеспечения государственных (муниципальных) нужд | C59: 113 | D59: 9000022000 | E59: 200 | F59: =F60 -> 0
B60: Иные закупки товаров, работ и услуг для обеспечения государственных (муниципальных) нужд | C60: 113 | D60: 9000022000 | E60: 240
B61: Мобилизационная и вневойсковая подготовка | C61: 203 | F61: =F62 -> 115.07 | G61: =F61 -> 115.07
B62: Муниципальная программа "Развитие органов местного самоуправления и решение вопросов местного значения сельского поселения Назаровка муниципального района Клявлинский Самарской области на 2018-2026 годы" | C62: 203 | D62: 3400000000 | F62: =F63+F65 -> 115.07 | G62: =F62 -> 115.07
B63: Расходы на выплаты персоналу в целях обеспечения выполнения функций государственными (муниципальными) органами, казенными учреждениями, органами управления государственными внебюджетными фондами | C63: 203 | D63: 3400000000 | E63: 100 | F63: =F64 -> 109.966 | G63: =G64 -> 109.966
B64: Расходы на выплаты персоналу государственных (муниципальных) органов | C64: 203 | D64: 3400000000 | E64: 120 | F64: 109.966 | G64: =SUM(F64) -> 109.966
B65: Закупка товаров, работ и услуг для обеспечения государственных (муниципальных) нужд | C65: 203 | D65: 3400000000 | E65: 200 | F65: =F66 -> 5.104 | G65: =G66 -> 5.104
B66: Иные закупки товаров, работ и услуг для обеспечения государственных (муниципальных) нужд | C66: 203 | D66: 3400000000 | E66: 240 | F66: 5.104 | G66: 5.104
B67: Защита населения и территории от чрезвычайных ситуаций природного и техногенного характера, пожарная безопасность | C67: 310 | F67: =F68 -> 607.641
B68: Муниципальная программа "Развитие органов местного самоуправления и решение вопросов местного значения сельского поселения Назаровка муниципального района Клявлинский Самарской области на 2018-2026 годы" | C68: 310 | D68: 3400000000 | F68: =SUM(F69+F71) -> 607.641
B69: Закупка товаров, работ и услуг для обеспечения государственных (муниципальных) нужд | C69: 310 | D69: 3400000000 | E69: 200 | F69: =F70 -> 593.641
B70: Иные закупки товаров, работ и услуг для обеспечения государственных (муниципальных) нужд | C70: 310 | D70: 3400000000 | E70: 240 | F70: 593.641
B71: Иные бюджетные ассигнования | C71: 310 | D71: 3400000000 | E71: 800 | F71: =F72 -> 14
B72: Уплата налогов, сборов и иных платежей | C72: 310 | D72: 3400000000 | E72: 850 | F72: 14
A73: 0 | B73: Дорожное хозяйство (дорожные фонды) | C73: 409 | D73: 0 | E73: 0 | F73: =F74 -> 1208.22 | G73: 0
A74: 0 | B74: Муниципальная программа "Модернизация и развитие автомобильных дорог общего пользования местного значения в границах населенных пунктов сельского поселения Назаровка муниципального района Клявлинский Самарской области на 2018-2026 годы" | C74: 409 | D74: 2400000000 | E74: 0 | F74: =F81 -> 1208.22 | G74: 0
A75: 0 | B75: Муниципальная программа "Модернизация и развитие автомобильных дорог общего пользования местного значения вне границ населенных пунктов в границах муниципального района Клявлинский Самарской области на 2014-2019 годы" | C75: 409 | D75: 1100000000 | E75: 0 | F75: 0 | G75: 0
A76: 0 | B76: Муниципальная программа "Модернизация и развитие автомобильных дорог общего пользования местного значения вне границ населенных пунктов в границах муниципального района Клявлинский Самарской области на 2014-2019 годы" | C76: 409 | D76: 1100000000 | E76: 0 | F76: 0 | G76: 0
A77: 0 | B77: Закупка товаров, работ и услуг для муниципальных нужд | C77: 409 | D77: 1100020000 | E77: 0 | F77: 0 | G77: 0
A78: 0 | B78: Закупка товаров, работ и услуг для муниципальных нужд | C78: 409 | D78: 1100020000 | E78: 0 | F78: 0 | G78: 0
A79: 0 | B79: Закупка товаров, работ и услуг для муниципальных нужд | C79: 409 | D79: 1100020000 | E79: 0 | F79: 0 | G79: 0
A80: 0 | B80: Закупка товаров, работ и услуг для муниципальных нужд | C80: 409 | D80: 1100020000 | E80: 0 | F80: 0 | G80: 0
A81: 0 | B81: Закупка товаров, работ и услуг для обеспечения государственных (муниципальных) нужд | C81: 409 | D81: 2400000000 | E81: 200 | F81: =F82 -> 1208.22 | G81: 0
A82: 0 | B82: Иные закупки товаров, работ и услуг для обеспечения государственных (муниципальных) нужд | C82: 409 | D82: 2400000000 | E82: 240 | F82: 1208.22 | G82: 0
B83: Коммунальное хозяйство | C83: 502 | F83: =F84 -> 694.141 | G83: =G84 -> 0
B84: Муниципальная программа "Развитие органов местного самоуправления и решение вопросов местного значения сельского поселения Назаровка муниципального района Клявлинский Самарской области на 2018-2026 годы" | C84: 502 | D84: 3400000000 | F84: =SUM(F87+F85) -> 694.141 | G84: =G87 -> 0
A85: 0 | B85: Расходы на выплаты персоналу в целях обеспечения выполнения функций государственными (муниципальными) органами, казенными учреждениями, органами управления государственными внебюджетными фондами | C85: 502 | D85: 3400000000 | E85: 100 | F85: =F86 -> 566.241 | G85: =G86 -> 0
A86: 0 | B86: Расходы на выплаты персоналу казенных учреждений | C86: 502 | D86: 3400000000 | E86: 110 | F86: 566.241
B87: Закупка товаров, работ и услуг для обеспечения государственных (муниципальных) нужд | C87: 502 | D87: 3400000000 | E87: 200 | F87: =F88 -> 127.9 | G87: =G88 -> 0
B88: Иные закупки товаров, работ и услуг для обеспечения государственных (муниципальных) нужд | C88: 502 | D88: 3400000000 | E88: 240 | F88: 127.9 | G88: 0
B89: Благоустройство | C89: 503 | F89: =F119+F95 -> 765.677 | G89: =G119 -> 0
B90: Муниципальная программа "Устойчивое развитие сельских территорий муниципального района Клявлинский Самарской области на 2019-2025 годы" | C90: 503 | D90: 900000000 | F90: =F91+F99 -> 765.677 | G90: =G91+G99 -> 0
B91: Расходы местного бюджета, за счет средств областного бюджета, в том числе расходов на предоставление межбюджетных трансфертов местным бюджетам, в целях софинансирования которых областному бюджету предоставляются субсидии из федерального бюджета | C91: 503 | D91: 09000R0000 | F91: =F92+F96 -> 765.677 | G91: =G92+G96 -> 0
B92: Реализация мероприятий по устойчивому развитию сельских территорий | C92: 503 | D92: 09000R5670 | F92: =F93 -> 0 | G92: =G93 -> 0
B93: Закупка товаров, работ и услуг для обеспечения государственных (муниципальных) нужд | C93: 503 | D93: 09000R5670 | E93: 200 | F93: =F94 -> 0 | G93: =G94 -> 0
B94: Иные закупки товаров, работ и услуг для обеспечения государственных (муниципальных) нужд | C94: 503 | D94: 09000R5670 | E94: 240
B95: Муниципальная программа "Развитие органов местного самоуправления и решение вопросов местного значения сельского поселения Назаровка муниципального района Клявлинский Самарской области на 2018-2026 годы" | C95: 503 | D95: 3400000000 | F95: =F96 -> 765.677
B96: Реализация программ формирования современной городской среды | C96: 503 | D96: 4000000000 | F96: =F97 -> 765.677
B97: Закупка товаров, работ и услуг для обеспечения государственных (муниципальных) нужд | C97: 503 | D97: 3400000000 | E97: 200 | F97: =F98 -> 765.677
B98: Иные закупки товаров, работ и услуг для обеспечения государственных (муниципальных) нужд | C98: 503 | D98: 3400000000 | E98: 240 | F98: 765.677
B99: Расходы местного бюджета, в том числе расходы на предоставление межбюджетных трансфертов иным местным бюджетам, в целях софинансирования которых из областного бюджета предоставляются местным бюджетам субсидии, а также расходы местного бюджета, в целях софинансирования которых из иных местных бюджетов предоставляются субсидии | C99: 503 | D99: 09000S0000 | F99: =F100 -> 0
B100: Долевое участие местного бюджета в софинансировании мероприятий,направленных на реализацию мероприятий по устойчивому развитию сельских территорий(расходы сверх софинансирования) | C100: 503 | D100: 09000S5670 | F100: =F101 -> 0
B101: Закупка товаров, работ и услуг для обеспечения государственных (муниципальных) нужд | C101: 503 | D101: 09000S5670 | E101: 200 | F101: =F102 -> 0
B102: Иные закупки товаров, работ и услуг для обеспечения государственных (муниципальных) нужд | C102: 503 | D102: 09000S5670 | E102: 240
B103: Сбор, удаление отходов и очистка сточных вод | C103: 602 | F103: =F104 -> 0 | G103: =G104 -> 0
B104: Непрограммные направления расходов местного бюджета | C104: 602 | D104: 9000000000 | F104: =F105+F110 -> 0 | G104: =G105+G110 -> 0
...

Sheet Функц прил 5
D1: Приложение 5
D2: к решению Собрания представителей сельского поселения
D3: Назаровка муниципального района Клявлинский Самарской области
D4: "О бюджете сельского поселения Назаровка муниципального района Клявлинский Самарской области
D5: на 2023 год и плановый период 2024 и 2025 годов"
A7: КВР | B7: ЕСЛИ(C7=0;ЕСЛИ(B7=0;ИНДЕКС(ФКР!B$1:B$113;ПОИСКПОЗ(ЛЕВСИМВ(ЗНАЧЕН(A7);4);ЛЕВСИМВ(ЗНАЧЕН(ФКР!A$1:A$113);4);0));ИНДЕКС(КЦСР!B$1:B$1024;ПОИСКПОЗ(ЛЕВСИМВ(ЗНАЧЕН(B7);7);ЛЕВСИМВ(ЗНАЧЕН(КЦСР!A$1:A$1024);7);0)));ИНДЕКС(КВР!B$1:B$150;ПОИСКПОЗ(ЛЕВСИМВ(ЗНАЧЕН(C7);3);ЛЕВСИМВ(ЗНАЧЕН(КВР!A$1:A$150);3);0))) | C7: 0 | D7: 0
A8: Распределение бюджетных ассигнований по разделам, подразделам классификации расходов бюджета сельского поселения Назаровка муниципального района Клявлинский Самарской области на 2023 год
A10: Рз Пр | B10: Наименование раздела, подраздела расходов | C10: Сумма, тыс. руб.
C12: Всего | D12: в том числе за счет безвозмездных поступлений имеющие целевое назначение из вышестоящих бюджетов
A14: 0100 | B14: ОБЩЕГОСУДАРСТВЕННЫЕ ВОПРОСЫ | C14: =C15+C16+C17+C24+C25 -> 1952.073 | D14: =D15+D16+D17+D24+D25 -> 0
A15: 102 | B15: Функционирование высшего должностного лица субъекта Российской Федерации и муниципального образования | C15: ='Ведом прил 4'!F15 -> 859.805 | D15: ='Ведом прил 4'!G19 -> 0
A16: 104 | B16: Функционирование Правительства Российской Федерации, высших исполнительных органов государственной власти субъектов Российской Федерации, местных администраций | C16: ='Ведом прил 4'!F19 -> 1005.004
A17: 106 | B17: Обеспечение деятельности финансовых, налоговых и таможенных органов и органов финансового (финансово-бюджетного) надзора | C17: ='Ведом прил 4'!F35 -> 35.826 | D17: ='Ведом прил 4'!G35 -> 0
A18: 107 | B18: Обеспечение проведения выборов и референдумов | C18: =C19 -> #REF!
A19: 107 | B19: Непрограммные направления расходов местного бюджета | C19: =C22 -> #REF!
A20: 107 | B20: Иные направления расходов | C20: =C21 -> #REF!
A21: 107 | B21: Проведение выборов в представительные органы муниципального образования | C21: =C22 -> #REF!
A22: 107 | B22: Иные бюджетные ассигнования | C22: =C23 -> #REF!
A23: 107 | B23: Специальные расходы | C23: ='Ведом прил 4'!#REF! -> #REF!
A24: 111 | B24: Резервные фонды | C24: ='Ведом прил 4'!F43 -> 0.438 | D24: ='Ведом прил 4'!G43 -> 0
A25: 113 | B25: Другие общегосударственные вопросы | C25: ='Ведом прил 4'!F48 -> 51 | D25: ='Ведом прил 4'!G48 -> 0
A26: 113 | B26: Непрограммные направления расходов местного бюджета | C26: =C27+C31 -> #REF! | D26: =D27+D31 -> 0
A27: 113 | B27: Закупка товаров, работ и услуг для муниципальных нужд | C27: =C28 -> #REF!
A28: 113 | B28: Реализация функций управления муниципальным образованием общего значения | C28: =C29 -> #REF!
A29: 113 | B29: Закупка товаров, работ и услуг для обеспечения государственных (муниципальных) нужд | C29: =C30 -> #REF!
A30: 113 | B30: Иные закупки товаров, работ и услуг для обеспечения государственных (муниципальных) нужд | C30: ='Ведом прил 4'!F60+'Ведом прил 4'!#REF! -> #REF!
A31: 113 | B31: Иные направления расходов | C31: =C32 -> #REF! | D31: =D32 -> 0
A32: 113 | B32: Иные бюджетные ассигнования | C32: =C33 -> #REF! | D32: =D33 -> 0
A33: 113 | B33: Исполнение судебных актов | C33: ='Ведом прил 4'!#REF! -> #REF!
A34: 200 | B34: НАЦИОНАЛЬНАЯ ОБОРОНА | C34: =C35 -> 115.07 | D34: =D35 -> 115.07
A35: 203 | B35: Мобилизационная и вневойсковая подготовка | C35: ='Ведом прил 4'!F61 -> 115.07 | D35: ='Ведом прил 4'!G61 -> 115.07
A36: 300 | B36: НАЦИОНАЛЬНАЯ БЕЗОПАСНОСТЬ И ПРАВООХРАНИТЕЛЬНАЯ ДЕЯТЕЛЬНОСТЬ | C36: =C37 -> 607.641 | D36: =D37 -> 0
A37: 310 | B37: Защита населения и территории от чрезвычайных ситуаций природного и техногенного характера, пожарная безопасность | C37: ='Ведом прил 4'!F67 -> 607.641 | D37: ='Ведом прил 4'!G67 -> 0
A38: 0400 | B38: НАЦИОНАЛЬНАЯ ЭКОНОМИКА | C38: =C39 -> 1208.22 | D38: =D39 -> 0
A39: 409 | B39: Дорожное хозяйство (дорожные фонды) | C39: ='Ведом прил 4'!F73 -> 1208.22 | D39: ='Ведом прил 4'!G73 -> 0
A40: 0500 | B40: ЖИЛИЩНО-КОММУНАЛЬНОЕ ХОЗЯЙСТВО | C40: =SUM(C41:C42) -> 1459.818 | D40: =D42 -> 0
A41: 502 | B41: Коммунальное хозяйство | C41: =SUM('Ведом прил 4'!F84) -> 694.141
A42: 503 | B42: Благоустройство | C42: ='Ведом прил 4'!F89 -> 765.677 | D42: ='Ведом прил 4'!G89 -> 0
A43: 503 | B43: Муниципальная программа «Формирование комфортной городской среды на территории муниципального района Клявлинский Самарской области на 2018-2022 годы» | C43: =C44+C48+C52 -> #REF! | D43: =D44+D48+D52 -> #REF!
A44: 503 | B44: Расходы местного бюджета, в том числе расходы на предоставление межбюджетных трансфертов местным бюджетам, в целях софинансирования которых из областного бюджета предоставляются за счет субсидий из федерального бюджета межбюджетные трансферты | C44: =C45 -> #REF! | D44: =D45 -> #REF!
A45: 503 | B45: Долевое участие местного бюджета в софинансировании мероприятий, направленных на поддержку государственных программ субъектов Российской Федерации и муниципальных программ формирования современной городской среды | C45: =C46 -> #REF! | D45: =D46 -> #REF!
A46: 503 | B46: Закупка товаров, работ и услуг для обеспечения государственных (муниципальных) нужд | C46: =C47 -> #REF! | D46: =D47 -> #REF!
A47: 503 | B47: Иные закупки товаров, работ и услуг для обеспечения государственных (муниципальных) нужд | C47: ='Ведом прил 4'!#REF! -> #REF! | D47: ='Ведом прил 4'!#REF! -> #REF!
A48: 503 | B48: Расходы местного бюджета, источником финансового обеспечения которых являются субсидии из областного бюджета, а также расходы местных бюджетов, в целях софинансирования которых из областного бюджета предоставляются местным бюджетам субсидии | C48: =C49 -> #REF!
A49: 503 | B49: Долевое участие местного бюджета в софинансировании мероприятий,направленных на поддержку государственных программ субъектов Российской Федерации и муниципальных программ формирования современной городской среды (расходы сверх софинансирования) | C49: =C50 -> #REF!
A50: 503 | B50: Закупка товаров, работ и услуг для обеспечения государственных (муниципальных) нужд | C50: =C51 -> #REF!
A51: 503 | B51: Иные закупки товаров, работ и услуг для обеспечения государственных (муниципальных) нужд | C51: ='Ведом прил 4'!#REF! -> #REF!
A52: 503 | B52: Поддержка государственных программ субъектов Российской Федерации и муниципальных программ формирования современной городской среды(расходы сверх софинансирования | C52: =C53 -> #REF! | D52: =D53 -> #REF!
A53: 503 | B53: Закупка товаров, работ и услуг для обеспечения государственных (муниципальных) нужд | C53: =#REF! -> #REF! | D53: =#REF! -> #REF!
A54: 503 | B54: Благоустройство
A55: 600 | B55: Охрана окружающей среды | C55: =C56+C67 -> 0 | D55: =D56+D67 -> 0
A56: 602 | B56: Сбор, удаление отходов и очистка сточных вод | C56: =C57 -> 0 | D56: =D57 -> 0
A57: 602 | B57: Непрограммные направления расходов местного бюджета | C57: =C58+C63 -> 0 | D57: =D58+D63 -> 0
A58: 602 | B58: Расходы местного бюджета, в том числе за счет средств, поступающих из областного бюджета, а также расходование средств резервных фондов | C58: =C59 -> 0 | D58: =D59 -> 0
A59: 602 | B59: Иные межбюджетные трансферты местным бюджетам из областного бюджета | C59: =C60 -> 0 | D59: =D60 -> 0
A60: 602 | B60: Предоставление субсидий из областного бюджета местным бюджетам в целях софинансирования расходых обязательств муниципальных образований по ремонту контейнерных площадок | C60: =C61 -> 0 | D60: =D61 -> 0
A61: 602 | B61: Закупка товаров, работ и услуг для обеспечения государственных (муниципальных) нужд | C61: =C62 -> 0 | D61: =D62 -> 0
A62: 602 | B62: Иные закупки товаров, работ и услуг для обеспечения государственных (муниципальных) нужд | C62: ='Ведом прил 4'!F109 -> 0 | D62: ='Ведом прил 4'!G109 -> 0
A63: 602 | B63: Расходы местного бюджета, в том числе расходы на предоставление межбюджетных трансфертов иным местным бюджетам, в целях софинансирования которых из областного бюджета предоставляются местным бюджетам субсидии, а также расходы местного бюджета, в целях софинансирования которых из иных местных бюджетов предоставляются субсидии | C63: =C64 -> 0
A64: 602 | B64: Софинансирование районного бюджета мероприятий по ремонту контейнерных площадок | C64: =C65 -> 0
A65: 602 | B65: Закупка товаров, работ и услуг для обеспечения государственных (муниципальных) нужд | C65: =C66 -> 0
A66: 602 | B66: Иные закупки товаров, работ и услуг для обеспечения государственных (муниципальных) нужд | C66: ='Ведом прил 4'!F113 -> 0
A67: 605 | B67: Другие вопросы в области охраны окружающей среды | C67: ='Ведом прил 4'!F114 -> 0 | D67: ='Ведом прил 4'!G114 -> 0
A68: 0700 | B68: ОБРАЗОВАНИЕ | C68: =C69+C70 -> 935.319 | D68: =D69 -> 921.487
A69: 702 | B69: Общее образование | C69: ='Ведом прил 4'!F122 -> 921.487 | D69: ='Ведом прил 4'!G122 -> 921.487
A70: 707 | B70: Молодежная политика | C70: ='Ведом прил 4'!F128 -> 13.832 | D70: ='Ведом прил 4'!G128 -> 0
A71: 0800 | B71: КУЛЬТУРА, КИНЕМАТОГРАФИЯ | C71: =C72 -> 4937.46 | D71: =D72 -> 0
A72: 801 | B72: Культура | C72: ='Ведом прил 4'!F144 -> 4937.46 | D72: ='Ведом прил 4'!G144 -> 0
A73: 1000 | B73: СОЦИАЛЬНАЯ ПОЛИТИКА | C73: =C74 -> 150 | D73: =D74 -> 0
A74: 1003 | B74: Социальное обеспечение населения | C74: =C75 -> 150 | D74: =D75 -> 0
A75: 1006 | B75: ='Ведом прил 4'!B198 -> Социальное обеспечение и иные выплаты населению | C75: =C76 -> 150 | D75: =D76 -> 0
A76: ='Ведом прил 4'!C199 -> 1003 | B76: ='Ведом прил 4'!B199 -> Социальные выплаты гражданам, кроме публичных нормативных социальных выплат | C76: ='Ведом прил 4'!F199 -> 150 | D76: ='Ведом прил 4'!G199 -> 0
A77: 1006 | B77: Расходы местного бюджета, в том числе расходы на предоставление межбюджетных трансфертов иным местным бюджетам, в целях софинансирования которых из областного бюджета предоставляются местным бюджетам субсидии, а также расходы местного бюджета, в целях софинансирования которых из иных местных бюджетов предоставляются субсидии | C77: =C78 -> 0
A78: 1006 | B78: Осуществление софинансирования местным бюджетом мероприятий на поддержку муниципальных программ развития СОНКО | C78: =C79 -> 0
A79: 1006 | B79: Предоставление субсидий бюджетным, автономным учреждениям и иным некоммерческим организациям | C79: =C80 -> 0
A80: 1006 | B80: Субсидии автономным учреждениям | C80: ='Ведом прил 4'!F203 -> 0
A81: 1100 | B81: ФИЗИЧЕСКАЯ КУЛЬТУРА И СПОРТ | C81: =C82 -> 40.914 | D81: =D82 -> 0
A82: 1101 | B82: Физическая культура | C82: ='Ведом прил 4'!F204 -> 40.914 | D82: ='Ведом прил 4'!G204 -> 0
A83: 1101 | B83: Расходы местного бюджета, источником финансового обеспечения которых являются субсидии из областного бюджета, а также расходы местных бюджетов, в целях софинансирования которых из областного бюджета предоставляются местным бюджетам субсидии | C83: =C84 -> #REF! | D83: =D84 -> #REF!
A84: 1101 | B84: Субсидии местным бюджетам для софинансирования расходных обязательств по вопросам местного значения, предоставляемых с учетом выполнения показателей социально-экономического развития (стимулирующие субсидии) | C84: =C85 -> #REF! | D84: =D85 -> #REF!
A85: 1101 | B85: Расходы местного бюджета за счет стимулирующих субсидий, связанные с компенсацией расходов на повышение заработной платы работников отдельных отраслей бюджетной сферы | C85: =C86 -> #REF! | D85: =D86 -> #REF!
A86: 1101 | B86: Предоставление субсидий бюджетным, автономным учреждениям и иным некоммерческим организациям | C86: =C87 -> #REF! | D86: =D87 -> #REF!
A87: 1101 | B87: Субсидии автономным учреждениям | C87: ='Ведом прил 4'!#REF! -> #REF! | D87: ='Ведом прил 4'!#REF! -> #REF!
A88: 1101 | B88: Муниципальная программа "Устойчивое развитие сельских территорий муниципального района Клявлинский Самарской области на 2014-2021 годы" | C88: =C89+C93 -> #REF! | D88: =D89+D93 -> #REF!
A89: 1101 | B89: Расходы местного бюджета, в том числе расходы на предоставление межбюджетных трансфертов иным местным бюджетам, в целях софинансирования которых из областного бюджета предоставляются местным бюджетам субсидии, а также расходы местного бюджета, в целях софинансирования которых из иных местных бюджетов предоставляются субсидии | C89: =C90 -> #REF!
A90: 1101 | B90: Долевое участие местного бюджета в софинансировании мероприятий, направленных на реализацию мероприятий по устойчивому развитию сельских территорий (расходы сверх софинансирования) | C90: =C91 -> #REF!
A91: 1101 | B91: Капитальные вложения в объекты государственной (муниципальной) собственности | C91: =C92 -> #REF!
A92: 1101 | B92: Бюджетные инвестиции | C92: ='Ведом прил 4'!#REF! -> #REF!
A93: 1101 | B93: Реализация мероприятий по устойчивому развитию сельских территорий (расходы сверх софинансирования) | C93: =C94 -> #REF! | D93: =D94 -> #REF!
A94: 1101 | B94: Капитальные вложения в объекты государственной (муниципальной) собственности | C94: =C95 -> #REF! | D94: =D95 -> #REF!
A95: 1101 | B95: Бюджетные инвестиции | C95: ='Ведом прил 4'!#REF! -> #REF! | D95: ='Ведом прил 4'!#REF! -> #REF!
A96: ИТОГО | C96: =C14+C34+C36+C38+C40+C68+C71+C73+C81 -> 11406.515 | D96: =D14+D34+D36+D38+D40+D68+D71+D81 -> 1036.557
A97: 0 | B97: Неуказанная функциональная статья | C97: 0 | D97: 0
A98: 0 | B98: Неуказанная функциональная статья | C98: 0 | D98: 0
A99: 0 | B99: Неуказанная функциональная статья | C99: 0 | D99: 0
A100: 0 | B100: Неуказанная функциональная статья | C100: 0 | D100: 0
A101: 0 | B101: Неуказанная функциональная статья | C101: 0 | D101: 0
A102: 0 | B102: Неуказанная функциональная статья | C102: 0 | D102: 0
A103: 0 | B103: Неуказанная функциональная статья | C103: 0 | D103: 0
A104: 0 | B104: Неуказанная функциональная статья | C104: 0 | D104: 0
...

Sheet Прил 8
A1: Приложение 8
A2: к решению Собрания представителей сельского поселения
A3: Назаровка муниципального района Клявлинский Самарской области
A4: "О бюджете сельского поселения Назаровка муниципального района Клявлинский Самарской области
A5: на 2023 год и плановый период 2024 и 2025 годов"
A7: 0 | B7: ЕСЛИ(E7=0;ЕСЛИ(D7=0;ЕСЛИ(C7=0;ИНДЕКС(ГРБС!B$1:B$10;ПОИСКПОЗ(A7;ГРБС!A$1:A$10;0));ИНДЕКС(ФКР!B$1:B$113;ПОИСКПОЗ(ЛЕВСИМВ(ЗНАЧЕН(C7);4);ЛЕВСИМВ(ЗНАЧЕН(ФКР!A$1:A$113);4);0)));ИНДЕКС(КЦСР!B$1:B$1024;ПОИСКПОЗ(ЛЕВСИМВ(ЗНАЧЕН(D7);7);ЛЕВСИМВ(ЗНАЧЕН(КЦСР!A$1:A$1024);7);0)));ИНДЕКС(КВР!B$1:B$150;ПОИСКПОЗ(ЛЕВСИМВ(ЗНАЧЕН(E7);3);ЛЕВСИМВ(ЗНАЧЕН(КВР!A$1:A$150);3);0))) | C7: 0 | D7: 0
A8: Источники внутреннего финансирования дефицита бюджета сельского поселения Назаровка муниципального района Клявлинский Самарской области на 2023 год и на плановый период 2024 - 2025 годов
F9: тыс.руб
A10: Код администратора | B10: Код | C10: Наименование кода группы, подгруппы, статьи, вида источника финансирования дефицита бюджета поселения, кода классификации операций сектора государственного управления, относящихся к источникам финансирования дефицита бюджета поселения | D10: Сумма
D11: 2023 год | E11: 2024 год | F11: 2025 год
A14: 532 | B14: 01 00 00 00 00 0000 000 | C14: ИСТОЧНИКИ ВНУТРЕННЕГО ФИНАНСИРОВАНИЯ ДЕФИЦИТОВ БЮДЖЕТОВ | D14: 195,294 | E14: 0,00 | F14: 0,00
A15: 532 | B15: 01 01 00 00 00 0000 000 | C15: Государственные (муниципальные) ценные бумаги, номинальная стоимость которых указана в валюте Российской Федерации | D15: 0,00 | E15: 0,00 | F15: 0,00
A16: 532 | B16: 01 01 00 00 00 0000 700 | C16: Размещение государственных (муниципальных) ценных бумаг, номинальная стоимость которых указана в валюте Российской Федерации | D16: 0,00 | E16: 0,00 | F16: 0,00
A17: 532 | B17: 01 01 00 00 10 0000 710 | C17: Размещение муниципальных ценных бумаг сельских поселений, номинальная стоимость которых указана в валюте Российской Федерации | D17: 0,00 | E17: 0,00 | F17: 0,00
A18: 532 | B18: 01 01 00 00 00 0000 800 | C18: Погашение государственных (муниципальных) ценных бумаг, номинальная стоимость которых указана в валюте Российской Федерации | D18: 0,00 | E18: 0,00 | F18: 0,00
A19: 532 | B19: 01 01 00 00 10 0000 810 | C19: Погашение муниципальных ценных бумаг сельских поселений, номинальная стоимость которых указана в валюте Российской Федерации | D19: 0,00 | E19: 0,00 | F19: 0,00
A20: 532 | B20: 01 02 00 00 00 0000 000 | C20: Кредиты кредитных организаций в валюте Российской Федерации | D20: 0,00 | E20: 0,00 | F20: 0,00
A21: 532 | B21: 01 02 00 00 00 0000 700 | C21: Получение кредитов от кредитных организаций в валюте Российской Федерации | D21: 0,00 | E21: 0,00 | F21: 0,00
A22: 532 | B22: 01 02 00 00 10 0000 710 | C22: Привлечение сельскими поселениями кредитов от кредитных организаций в валюте Российской Федерации | D22: 0,00 | E22: 0,00 | F22: 0,00
A23: 532 | B23: 01 02 00 00 00 0000 800 | C23: Погашение кредитов, предоставленных кредитными организациями в валюте Российской Федерации | D23: 0,00 | E23: 0,00 | F23: 0,00
A24: 532 | B24: 01 02 00 00 10 0000 810 | C24: Погашение сельскими поселениями кредитов от кредитных организаций в валюте Российской Федерации | D24: 0,00 | E24: 0,00 | F24: 0,00
A25: 532 | B25: 01 03 00 00 00 0000 000 | C25: Бюджетные кредиты из других бюджетов бюджетной системы Российской Федерации | D25: 0,00 | E25: 0,00 | F25: 0,00
... A31: 532 | B31: 01 05 00 00 00 0000 000 | C31: Изменение остатков средств на счетах по учету средств бюджетов | D31: 195,294 | E31: 0,00 | F31: 0,00
A32: 532 | B32: 01 05 00 00 00 0000 500 | C32: Увеличение остатков средств бюджетов | D32: -11211.221 | E32: -8488.553 | F32: -8751.702
A33: 532 | B33: 01 05 02 00 00 0000 500 | C33: Увеличение прочих остатков средств бюджетов | D33: -11211.221 | E33: -8488.553 | F33: -8751.702
A34: 532 | B34: 01 05 02 01 00 0000 510 | C34: Увеличение прочих остатков денежных средств бюджетов | D34: -11211.221 | E34: -8488.553 | F34: -8751.702
A35: 532 | B35: 01 05 02 01 10 0000 510 | C35: Увеличение прочих остатков денежных средств бюджетов сельских поселений | D35: -11211.221 | E35: -8488.553 | F35: -8751.702
A36: 532 | B36: 01 05 00 00 00 0000 600 | C36: Уменьшение остатков средств бюджетов | D36: 11406.515 | E36: 8488.553 | F36: 8751.702
A37: 532 | B37: 01 05 02 00 00 0000 600 | C37: Уменьшение прочих остатков средств бюджетов | D37: 11406.515 | E37: 8488.553 | F37: 8751.702
A38: 532 | B38: 01 05 02 01 00 0000 610 | C38: Уменьшение прочих остатков денежных средств бюджетов | D38: 11406.515 | E38: 8488.553 | F38: 8751.702
A39: 532 | B39: 01 05 02 01 10 0000 610 | C39: Уменьшение прочих остатков денежных средств бюджетов сельских поселений | D39: 11406.515 | E39: 8488.553 | F39: 8751.702
A40: 532 | B40: 01 06 00 00 00 0000 000 | C40: Иные источники внутреннего финансирования дефицитов бюджетов | D40: 0,00 | E40: 0,00 | F40: 0,00
A41: 532 | B41: 01 06 05 00 00 0000 000 | C41: Бюджетные кредиты, предоставленные внутри страны в валюте Российской Федерации | D41: 0,00 | E41: 0,00 | F41: 0,00
A42: 532 | B42: 01 06 05 00 00 0000 600 | C42: Возврат бюджетных кредитов, предоставленных внутри страны в валюте Российской Федерации | D42: 0,00 | E42: 0,00 | F42: 0,00
A43: 532 | B43: 01 06 05 01 00 0000 600 | C43: Возврат бюджетных кредитов, предоставленных юридическим лицам в валюте Российской Федерации | D43: 0,00 | E43: 0,00 | F43: 0,00
A44: 532 | B44: 01 06 05 01 10 0000 640 | C44: Возврат бюджетных кредитов, предоставленных юридическим лицам из бюджетов сельских поселений в валюте Российской Федерации | D44: 0,00 | E44: 0,00 | F44: 0,00
A45: 532 | B45: 01 06 05 00 00 0000 500 | C45: Предоставление бюджетных кредитов внутри страны в валюте Российской Федерации | D45: 0,00 | E45: 0,00 | F45: 0,00
A46: 532 | B46: 01 06 05 01 00 0000 500 | C46: Предоставление бюджетных кредитов юридическим лицам в валюте Российской Федерации | D46: 0,00 | E46: 0,00 | F46: 0,00
A47: 532 | B47: 01 06 05 01 10 0000 540 | C47: Предоставление бюджетных кредитов юридическим лицам из бюджетов сельских поселений в валюте Российской Федерации | D47: 0,00 | E47: 0,00 | F47: 0,00

Sheet ЦСР прил 11
E1: Приложение 11
E2: к решению Собрания представителей сельского поселения
E3: Назаровка муниципального района Клявлинский Самарской области
E4: "О бюджете сельского поселения Назаровка муниципального района Клявлинский Самарской области
E5: на 2023 год и плановый период 2024 и 2025 годов"
A7: Распределение бюджетных ассигнований по целевым статьям (муниципальным программам и непрограммным направлениям деятельности), группам (группам и подгруппам) видов расходов классификации расходов бюджета сельского поселения Назаровка муниципального района Клявлинский Самарской области на 2023 год.
A9: Наименование | B9: ЦСР | C9: ВР | D9: Сумма, тыс. руб.
D10: Всего | E10: в том числе за счет безвозмездных поступлений имеющие целевое назначение из вышестоящих бюджетов
A11: Муниципальная программа "Модернизация и развитие автомобильных дорог общего пользования местного значения в границах населенных пунктов сельского поселения Назаровка муниципального района Клявлинский Самарской области на 2018-2026 годы" | B11: 2400000000 | D11: =D12 -> 1208.22 | E11: =E12 -> 0
A12: Закупка товаров, работ и услуг для обеспечения государственных (муниципальных) нужд | B12: 2400000000 | C12: 200 | D12: =D13 -> 1208.22 | E12: =E13 -> 0
A13: Иные закупки товаров, работ и услуг для обеспечения государственных (муниципальных) нужд | B13: 2400000000 | C13: 240 | D13: ='Ведом прил 4'!F82 -> 1208.22 | E13: ='Ведом прил 4'!G82 -> 0
A14: Муниципальная программа "Развитие органов местного самоуправления и решение вопросов местного значения сельского поселения Назаровка муниципального района Клявлинский Самарской области на 2018-2026 годы" | B14: ='Ведом прил 4'!D16 -> 3400000000 | D14: =D15+D18+D20+D22+D24 -> 10197.857 | E14: =E15+E18+E22+E24 -> 1036.557
A15: Расходы на выплаты персоналу в целях обеспечения выполнения функций государственными (муниципальными) органами, казенными учреждениями, органами управления государственными внебюджетными фондами | B15: =B14 -> 3400000000 | C15: 100 | D15: =D16+D17 -> 5093.283 | E15: =E16+E17 -> 560.135
A16: Расходы на выплаты персоналу казенных учреждений | B16: =B15 -> 3400000000 | C16: 110 | D16: =SUM('Ведом прил 4'!F86+'Ведом прил 4'!F125+'Ведом прил 4'!F151) -> 3411.845 | E16: ='Ведом прил 4'!G42+'Ведом прил 4'!G125 -> 450.169
A17: Расходы на выплаты персоналу государственных (муниципальных) органов | B17: =B15 -> 3400000000 | C17: 120 | D17: ='Ведом прил 4'!F18+'Ведом прил 4'!F26+'Ведом прил 4'!F64 -> 1681.438 | E17: ='Ведом прил 4'!G18+'Ведом прил 4'!G26+'Ведом прил 4'!G64 -> 109.966
A18: Закупка товаров, работ и услуг для обеспечения государственных (муниципальных) нужд | B18: =B17 -> 3400000000 | C18: 200 | D18: =D19 -> 4582.734 | E18: =E19 -> 476.422
A19: Иные закупки товаров, работ и услуг для обеспечения государственных (муниципальных) нужд | B19: =B18 -> 3400000000 | C19: 240 | D19: =SUM('Ведом прил 4'!F191+'Ведом прил 4'!F127+'Ведом прил 4'!F98+'Ведом прил 4'!F88+'Ведом прил 4'!F70+'Ведом прил 4'!F66+'Ведом прил 4'!F53+'Ведом прил 4'!F28) -> 4582.734 | E19: ='Ведом прил 4'!G28+'Ведом прил 4'!G66+'Ведом прил 4'!G72+'Ведом прил 4'!G98+'Ведом прил 4'!G127+'Ведом прил 4'!G191 -> 476.422
A20: Социальное обеспечение и иные выплаты населению | B20: =B19 -> 3400000000 | C20: 300 | D20: =SUM(D21) -> 150
A21: Социальные выплаты гражданам, кроме публичных нормативных социальных выплат | B21: =B20 -> 3400000000 | C21: 320 | D21: =SUM('Ведом прил 4'!F199) -> 150
A22: Межбюджетные трансферты | B22: =B18 -> 3400000000 | C22: 500 | D22: =D23 -> 326.485 | E22: =E23 -> 0
A23: Иные межбюджетные трансферты | B23: =B22 -> 3400000000 | C23: 540 | D23: =SUM('Ведом прил 4'!F212+'Ведом прил 4'!F193+'Ведом прил 4'!F136+'Ведом прил 4'!F55+'Ведом прил 4'!F42+'Ведом прил 4'!F34) -> 326.485 | E23: ='Ведом прил 4'!G34+'Ведом прил 4'!G42+'Ведом прил 4'!G55+'Ведом прил 4'!G136+'Ведом прил 4'!G193+'Ведом прил 4'!G212 -> 0
A24: Иные бюджетные ассигнования | B24: =B23 -> 3400000000 | C24: 800 | D24: =D25 -> 45.355 | E24: =E25 -> 0
A25: Уплата налогов, сборов и иных платежей | B25: =B23 -> 3400000000 | C25: 850 | D25: =SUM('Ведом прил 4'!F194+'Ведом прил 4'!F71) -> 45.355 | E25: ='Ведом прил 4'!G195 -> 0
A26: Непрограммные направления расходов местного бюджета | B26: 90 0 00 00000 | D26: =D27 -> 0.438 | E26: =E27 -> 0
A27: Непрограммные направления расходов местного бюджета в области общегосударственных вопросов, национальной обороны, национальной безопасности и правоохранительной деятельности, а также в сфере средств массовой информации и межбюджетных отношений | B27: 90 1 00 00000 | D27: =D30 -> 0.438 | E27: =E30 -> 0
A28: Расходы на выплаты персоналу в целях обеспечения выполнения функций государственными (муниципальными) органами, казенными учреждениями, органами управления государственными внебюджетными фондами | B28: 90 1 00 00000 | C28: 100 | D28: =D29 -> #REF! | E28: =E29 -> #REF!
A29: Расходы на выплаты персоналу государственных (муниципальных) органов | B29: 90 1 00 00000 | C29: 120 | D29: ='Ведом прил 4'!#REF!+'Ведом прил 4'!F218+'Ведом прил 4'!#REF! -> #REF! | E29: ='Ведом прил 4'!#REF!+'Ведом прил 4'!G218+'Ведом прил 4'!#REF! -> #REF!
A30: Иные бюджетные ассигнования | B30: 90 1 00 00000 | C30: 800 | D30: =D31 -> 0.438 | E30: =E31 -> 0
A31: Резервные средства | B31: 90 1 00 00000 | C31: 870 | D31: ='Ведом прил 4'!F47 -> 0.438 | E31: ='Ведом прил 4'!G47 -> 0
A32: Непрограммные направления расходов местного бюджета в области национальной экономики | B32: 90 4 00 00000 | D32: =D33 -> 127.9 | E32: =E33 -> 0
A33: Закупка товаров, работ и услуг для обеспечения государственных (муниципальных) нужд | B33: 90 4 00 00000 | C33: 200 | D33: =D34 -> 127.9 | E33: =E34 -> 0
A34: Иные закупки товаров, работ и услуг для обеспечения государственных (муниципальных) нужд | B34: 90 4 00 00000 | C34: 240 | D34: ='Ведом прил 4'!F88 -> 127.9 | E34: ='Ведом прил 4'!G88 -> 0
A35: Непрограммные направления расходов местного бюджета в сфере охраны окружающей среды | B35: 90 6 00 00000 | D35: =D36 -> 0 | E35: =E36 -> 0
A36: Закупка товаров, работ и услуг для обеспечения государственных (муниципальных) нужд | B36: 90 6 00 00000 | C36: 200 | D36: =D37 -> 0 | E36: =E37 -> 0
A37: Иные закупки товаров, работ и услуг для обеспечения государственных (муниципальных) нужд | B37: 90 6 00 00000 | C37: 240 | D37: ='Ведом прил 4'!F118 -> 0 | E37: ='Ведом прил 4'!G118 -> 0
A38: Непрограммные направления расходов местного бюджета в области культуры и кинематографии | B38: 90 8 00 00000 | D38: =D39 -> #REF! | E38: =E39 -> #REF!
A39: Капитальные вложения в объекты недвижимого имущества государственной (муниципальной) собственности | B39: 90 8 00 00000 | C39: 400 | D39: =D40 -> #REF! | E39: =E40 -> #REF!
A40: Бюджетные инвестиции | B40: 90 8 00 00000 | C40: 410 | D40: ='Ведом прил 4'!#REF! -> #REF! | E40: ='Ведом прил 4'!#REF! -> #REF!
A41: Всего | D41: =D11+D14+D26 -> 11406.515 | E41: =E11+E14+E26 -> 1036.557
A42: Неуказанная КЦСР | D42: 0 | E42: 0
A43: Неуказанная КЦСР | D43: 0 | E43: 0
A44: Неуказанная КЦСР | D44: 0 | E44: 0
A45: Неуказанная КЦСР | D45: 0 | E45: 0
A46: Неуказанная КЦСР | D46: 0 | E46: 0
A47: Неуказанная КЦСР | D47: 0 | E47: 0
A48: Неуказанная КЦСР | D48: 0 | E48: 0
A49: Неуказанная КЦСР | D49: 0 | E49: 0
A50: Неуказанная КЦСР | D50: 0 | E50: 0
A51: Неуказанная КЦСР | D51: 0 | E51: 0
A52: Неуказанная КЦСР | D52: 0 | E52: 0
A53: Неуказанная КЦСР | D53: 0 | E53: 0
... A117: Неуказанная КЦСР | D117: 0 | E117: 0
